 Dungeon Crawl Stone Soup version 0.21.1-1-g345015fe64 (webtiles) character file.

1223 Jannitor the Vexing (level 8, -2/61 HPs)
             Began as a Demonspawn Arcane Marksman on June 8, 2018.
             Slain by an orc warrior
             ... wielding a +0 trident
              (10 damage)
             ... on level 6 of the Dungeon.
             The game lasted 00:11:50 (6525 turns).

Jannitor the Vexing (Demonspawn Arcane Marksman)    Turns: 6525, Time: 00:11:51

Health: -2/61      AC:  5    Str: 20    XL:     8   Next: 23%
Magic:  2/9        EV: 13    Int: 15    God:
Gold:   315        SH:  4    Dex: 15    Spells: 2/9 levels left

rFire    + . .     SeeInvis .   b - +3 short sword
rCold    + . .     Gourm    .   (no shield)
rNeg     . . .     Faith    .   g - +0 robe {rC+}
rPois    .         Spirit   .   (helmet restricted)
rElec    .         Reflect  .   (no cloak)
rCorr    .         Harm     .   k - +2 pair of gloves
MR       .....                  (no boots)
Stlth    +++.......             (no amulet)
HPRegen  0.20/turn              w - ring of protection from fire
MPRegen  0.11/turn              y - +2 ring of dexterity

@: mighty, lethally poisoned (-2 -> -5), heavily drained
A: antennae 2, large bone plates 1, mutation resistance 1, nightstalker 2,
strong 1
a: no special abilities


You were on level 6 of the Dungeon.
You were very hungry.

You visited 1 branch of the dungeon, and saw 6 of its levels.
You also visited: Sewer.

You collected 315 gold pieces.

Inventory:

Hand Weapons
 a - a +1 hand crossbow
 b - a +3 short sword (weapon)
Missiles
 d - 62 bolts
Armour
 e - a +1 robe
 g - a +0 robe of cold resistance (worn)
 k - a +2 pair of gloves (worn)
Jewellery
 w - a ring of protection from fire (left hand)
 y - a +2 ring of dexterity (right hand)
Wands
 j - a wand of paralysis (18)
 u - a wand of polymorph (12)
Scrolls
 h - a scroll of blinking {unknown}
 i - a scroll of enchant armour
 l - 7 scrolls of identify
 m - a scroll of remove curse
 o - a scroll of magic mapping
 p - a scroll of fog
 r - a scroll of teleportation
Potions
 n - 2 potions of might
 s - a potion of lignification {unknown}
 x - a potion of degeneration {unknown}
Books
 c - a book of Debilitation

   Spells                             Type                      Level
   a - Corona                         Hexes                        1
   b - Slow                           Hexes                        2
   c - Inner Flame                    Hexes/Fire                   3
   d - Portal Projectile              Hexes/Translocation          3
   e - Cause Fear                     Hexes                        4
   f - Leda's Liquefaction            Hexes/Earth                  4
Comestibles
 f - 13 rations


   Skills:
 + Level 4.9(2.7) Fighting
 + Level 4.8(2.6) Crossbows
 + Level 4.8(2.7) Dodging
 - Level 1.0(0.0) Spellcasting
 + Level 5.7(3.5) Hexes


You had 2 spell levels left.
You knew the following spells:

 Your Spells              Type           Power        Failure   Level  Hunger
a - Corona                Hex            ##.....      6%          1    ##.....
b - Slow                  Hex            ##......     10%         2    ###....
c - Cause Fear            Hex            ##........   54%         4    #####..


Dungeon Overview and Level Annotations

Branches:
Dungeon (6/15)
 Temple: D:4-7

Altars:
Hepliaklqana
Qazlal
Uskayaw
Wu Jian

Annotations:
D:3 yashaT's ghost, amateur NaIE
D:4 1 runed door


Innate Abilities, Weirdness & Mutations

You have a pair of antennae on your head.
You are partially covered in large bone plates. (SH +4)
You are significantly more attuned to the shadows.
You are somewhat resistant to further mutation.
Your muscles are strong. (Str +2)


Message History

The orc warrior is almost dead.
The hound barely misses you. x2
You feel very mighty all of a sudden.
The orc warrior is no longer moving slowly.
The orc warrior is no longer paralysed.
The hound barely misses you. The scorpion stings you.
* * * LOW HITPOINT WARNING * * *
You are poisoned.
The scorpion poisons you! The hound bites you.
* * * LOW HITPOINT WARNING * * *
You closely miss the orc warrior.
The orc warrior is almost dead.
You feel sick. The scorpion closely misses you. The hound closely misses you.
You block the orc warrior's attack. The scorpion barely misses you.
Unknown command.
You barely miss the orc warrior.
The orc warrior is almost dead.
You feel sick. The hound bites you but does no damage.
The orc warrior hits you with a trident!
You die...

#......#§§§§
#......#§§§§
####.##..#§§§§
#..#.#####
#........#####
#.............
#.............
############'###########
...............o@.......
...............h.s......
...[....................
........................
........................
.......>................
#+##.....####+##
..)#.....# ...#)....#


You could see an orc warrior, a scorpion and a hound.

Vanquished Creatures
  An ice beast (D:5)
  An ogre (D:4)
  A phantom (D:3)
  A sky beast (D:5)
  A centaur (D:5)
  3 wights (D:6)
  A howler monkey (D:3)
  2 hounds
  A centaur zombie (D:6)
  3 orc priests
  An iguana (D:5)
  2 orc wizards (D:5)
  3 worker ants
  A worker ant zombie (D:4)
  3 gnolls (D:3)
  A howler monkey zombie (D:5)
  11 adders
  2 shadow imps
  An ooze (D:1)
  2 adder skeletons
  2 worms
  2 dart slugs
  4 leopard geckos
  8 orcs
  7 giant cockroaches
  6 goblins
  8 hobgoblins
  7 jackals (Sewer)
  16 kobolds
  2 quokkas
  10 ball pythons
  7 bats
  5 frilled lizards
  A jackal skeleton (D:5)
  5 rats
  3 plants (Sewer)
135 creatures vanquished.

Vanquished Creatures (others)
  4 plants (Sewer)
4 creatures vanquished.

Grand Total: 139 creatures vanquished

Notes
Turn   | Place    | Note
-------+----------+-------------------------------------------
     0 | D:1      | Jannitor the Demonspawn Arcane Marksman began the quest for the Orb.
     0 | D:1      | Reached XP level 1. HP: 15/15 MP: 2/2
   164 | D:1      | Gained mutation: You have a pair of small antennae on your head. [demonic ancestry]
   164 | D:1      | Reached XP level 2. HP: 21/21 MP: 3/3
   645 | D:1      | Reached XP level 3. HP: 26/26 MP: 4/4
  1077 | D:2      | Found a hide-covered altar of Uskayaw.
  1147 | D:2      | Learned a level 2 spell: Slow
  1777 | D:2      | Reached XP level 4. HP: 33/33 MP: 5/5
  2091 | D:3      | Found a glowing drain.
  2096 | D:3      | Found a hazy altar of Hepliaklqana.
  2186 | Sewer    | Entered a sewer
  2217 | Sewer    | Gained mutation: Your muscles are strong. (Str +2) [potion of mutation]
  2217 | Sewer    | Gained mutation: You have a pair of antennae on your head. [potion of mutation]
  2217 | Sewer    | Gained mutation: You are somewhat resistant to further mutation. [potion of mutation]
  2287 | Sewer    | Gained mutation: You are partially covered in large bone plates. (SH +4) [demonic ancestry]
  2287 | Sewer    | Reached XP level 5. HP: 38/39 MP: 6/6
  3465 | D:3      | Noticed yashaT's ghost (amateur NaIE)
  3639 | D:4      | Noticed a phantom
  3646 | D:3      | Reached skill level 4 in Hexes
  4006 | D:4      | Gained mutation: You are slightly more attuned to the shadows. [demonic ancestry]
  4006 | D:4      | Reached XP level 6. HP: 35/47 MP: 7/7
  4536 | D:4      | Gained mutation: You are significantly more attuned to the shadows. [demonic ancestry]
  4536 | D:4      | Reached XP level 7. HP: 41/52 MP: 2/8
  4961 | D:4      | Found a runed door.
  5069 | D:5      | Entered Level 5 of the Dungeon
  5274 | D:5      | Reached skill level 5 in Hexes
  5302 | D:5      | Found an ornate altar of the Wu Jian Council.
  5654 | D:5      | Learned a level 4 spell: Cause Fear
  5654 | D:5      | Reached XP level 8. HP: 61/61 MP: 9/9
  6486 | D:6      | Found a stormy altar of Qazlal.
  6525 | D:6      | Slain by an orc warrior

Skill      XL: |  1  2  3  4  5  6  7 |
---------------+----------------------+-----
Crossbows      | 2 3 4 |  4.8
Dodging        | 2 3 4 |  4.8
Fighting       | 2 3 4 |  4.9
Hexes          | 4 5 |  5.7
Spellcasting   | |  1.0

Action                   |  1- 3 |  4- 6 |  7- 9 || total
-------------------------+-------+-------+-------++-------
Melee: Short sword       |       |   242 |     9 ||   251
 Fire: Hand crossbow     |   109 |   192 |   112 ||   413
 Cast: Corona            |    12 |    15 |     1 ||    28
       Slow              |     1 |     3 |     9 ||    13
Evoke: Wand              |       |       |     1 ||     1
  Use: Scroll            |       |     3 |    10 ||    13
       Potion            |       |     4 |     3 ||     7
 Stab: Paralysed         |       |       |     7 ||     7
  Eat: Chunk             |     3 |     7 |     3 ||    13
       Ration            |       |     1 |     1 ||     2
Armor: Robe              |    13 |    38 |    13 ||    64
Dodge: Dodged            |    38 |   108 |    43 ||   189
Block: Other             |       |    14 |    12 ||    26
